 Dungeon Crawl Stone Soup version 0.22.1-1-ga44c0e56f4 (webtiles) character file.

81 Blejac999 the Cutter (level 4, -3/29 HPs)
             Began as a Kobold Berserker on Oct 12, 2018.
             Was a Believer of Trog.
             Slain by Grinder (4 damage)
             ... while paralysed by Grinder
             ... on level 3 of the Dungeon.
             The game lasted 00:03:22 (2638 turns).

Blejac999 the Cutter (Kobold Berserker)             Turns: 2638, Time: 00:03:23

Health: -3/29      AC:  2    Str: 13 (14) XL:     4   Next: 67%
Magic:  4/4        EV:  3    Int:  6 (8)  God:    Trog [**....]
Gold:   111        SH:  0    Dex: 12 (15) Spells: 3/3 levels left

rFire    . . .     SeeInvis .   j - +4 dagger (venom)
rCold    . . .     Gourm    .   (shield restricted)
rNeg     . . .     Faith    .   b - +0 animal skin
rPois    .         Spirit   .   (no helmet)
rElec    .         Reflect  .   (no cloak)
rCorr    .         Harm     .   (no gloves)
MR       .....                  (no boots)
Stlth    ++........             (no amulet)
HPRegen  0.09/turn              (no ring)
MPRegen  0.09/turn              (no ring)

@: paralysed, berserk cooldown, slowed
A: small, carnivore
a: Berserk, Trog's Hand, Renounce Religion


You were on level 3 of the Dungeon.
You worshipped Trog.
Trog was pleased with you.
You were completely stuffed.

You visited 1 branch of the dungeon, and saw 3 of its levels.

You collected 111 gold pieces.

Inventory:

Hand Weapons
 j - a +4 dagger of venom (weapon)
Armour
 b - a +0 animal skin (worn)
Scrolls
 d - a scroll of fog
 e - a scroll of remove curse
 h - 4 scrolls of identify
 i - a scroll of teleportation
Comestibles
 c - 2 rations


   Skills:
 + Level 4.0 Fighting
 + Level 5.1 Short Blades
 + Level 1.6 Armour
 + Level 2.7 Dodging
 * Level 2.7 Stealth


You had 3 spell levels left.
You didn't know any spells.
Your spell library was empty.

Dungeon Overview and Level Annotations

Branches:
Dungeon (3/15)

Altars:
Wu Jian
Xom

Annotations:
D:3 Grinder


Innate Abilities, Weirdness & Mutations

You are small and have problems with some larger weapons.
You are carnivorous and can eat meat at any time.


Message History

You are exhausted.
You feel yourself slow down. Grinder hits you!
* * * LOW HITPOINT WARNING * * *
You closely miss Grinder.
Grinder is heavily wounded.
Grinder gestures at you. Pain shoots through your body!
* * * LOW HITPOINT WARNING * * *
You hit Grinder.
Grinder is poisoned.
Grinder is severely wounded.
Grinder gestures at you. You resist with significant effort.
You closely miss Grinder.
Grinder is severely wounded.
Grinder gestures at you.
You suddenly lose the ability to move!
Grinder hits you.
* * * LOW HITPOINT WARNING * * *
Grinder hits you.
You die...

#.#########.########
. .................
....#####.######.##
#................
#...#####.###.... #
#.# .. #># #5#
#@######. #........
#########


You could see Grinder.

Vanquished Creatures
  3 adders (D:2)
  A dart slug (D:1)
  3 leopard geckos
  3 giant cockroaches
  8 hobgoblins
  10 jackals
  7 kobolds
  4 bats
  A frilled lizard (D:2)
  4 rats
44 creatures vanquished.

Notes
Turn   | Place    | Note
-------+----------+-------------------------------------------
     0 | D:1      | Blejac999 the Kobold Berserker began the quest for the Orb.
     0 | D:1      | Reached XP level 1. HP: 14/14 MP: 1/1
   298 | D:1      | Reached XP level 2. HP: 19/19 MP: 2/2
   397 | D:1      | Reached skill level 1 in Stealth
   630 | D:1      | Reached XP level 3. HP: 19/24 MP: 3/3
   748 | D:1      | Reached ** piety under Trog
  1488 | D:2      | Reached XP level 4. HP: 29/29 MP: 4/4
  1704 | D:2      | Reached skill level 5 in Short Blades
  1869 | D:2      | Found a shimmering altar of Xom.
  2059 | D:2      | Found an ornate altar of the Wu Jian Council.
  2614 | D:3      | Noticed Grinder
  2636 | D:3      | Paralysed by Grinder for 7 turns
  2637 | D:3      | HP: 1/29 [Grinder (3)]
  2638 | D:3      | Slain by Grinder

Skill      XL: |  1  2  3  4 |
---------------+-------------+-----
Stealth        | 1 2 |  2.7
Fighting       | 4 |  4.0
Short Blades   | 5 |  5.1
Armour         | |  1.6
Dodging        | |  2.7

Action                   |  1- 3 |  4- 6 || total
-------------------------+-------+-------++-------
Melee: Short sword       |   107 |    58 ||   165
       Dagger            |       |    15 ||    15
Invok: Berserk           |     1 |     2 ||     3
  Use: Scroll            |     2 |     3 ||     5
       Potion            |     2 |     2 ||     4
 Stab: Sleeping          |     5 |     1 ||     6
       Distracted        |     1 |       ||     1
  Eat: Chunk             |    10 |     6 ||    16
Armor: Animal skin       |    10 |     4 ||    14
Dodge: Dodged            |    60 |    46 ||   106
